← All builds
Tech / Armada / Economy first / OBSERVED BUILD

Standard tech

Armada Tech (Eco) build order · Supreme Isthmus

Rushes T2 by 4:15, gets Advanced Metal Extractor around 5:28, hands off T2 constructors to Geo and the team, then scales eco and supplies the team's T2 needs through the rest of the game.

Usually first T2 con to Geo (83%)

#eco #t2 #team support · 1574 distinct matches · 255 players · 58% of Armada Tech games · team won 53% of 1868 · Recently observed

HOW TO PLAY IT

Key timing: T2 factory by 4:15

  1. Open 3 mex and heavy wind to fund a fast T2 rush.
  2. Put down Bot Lab, planning to eat it for reclaim soon after.
  3. Get Advanced Bot Lab up, hitting the T2 factory rush timing.
  4. Upgrade mex to Advanced Metal Extractor to lock in team metal income.
  5. Eat Advanced Bot Lab and keep sending cons to Geo and Pond.

Phase by phase

TYPICAL OF ITS 1574 GAMES
  1. 1
  2. 2
  3. 3
  4. 4
PLAY THE OPENING

Follow the example game's first 6:00 step by step: what to build now, what comes next, and where it goes. At 1× it keeps pace with your own game.

  1. 1

    Up to the Bot Lab

    Economy
    • Metal Extractor3Mex
    • Wind Turbine4Wind
    Order
    1. Bot LabBot Lab after 3 mex, 4 winddone ~1:18, middle half 1:13–1:32

    Some games also: energy storage (31%)

    By 1:01 in all: 3 mex · 4 wind

    The example game in this phase · 4 steps
    1. Mex ×3
    2. Wind ×4
    3. Energy storage
    4. Bot LabBot Labdone 1:34 · typical 1:18
  2. 2

    Bot Lab to Advanced Bot Lab

    Economy
    • Metal Extractor1Mex
    • Wind Turbine8Wind
    • Energy Storage1Energy storage
    Order
    1. Advanced Bot LabAdvanced Bot Lab after 4 mex, 12 wind, 3 con turretdone ~4:16, middle half 4:04–4:30
    Builders
    • Construction Turret3 Con turret
    • Lazarus3 Lazarus
    • Construction Bot2 Con bot
    • Construction Bot1 Con bot for allies

    Some games also: converter (36%)

    By 3:18 in all: 4 mex · 12 wind · 1 energy storage · 3 con turret

    The example game in this phase · 18 steps
    1. Construction BotCon bot
    2. Wind
    3. LazarusLazarus
    4. Construction BotCon bot
    5. Wind ×3
    6. Mex
    7. LazarusLazarus
    8. Wind
    9. Con turret
    10. Construction BotCon botfor Air
    11. Con turret
    12. Converter
    13. Wind ×2
    14. Con turret
    15. LazarusLazarus
    16. Wind
    17. Converter
    18. Advanced Bot LabAdvanced Bot Labdone 4:13 · typical 4:16
  3. 3

    Advanced Bot Lab to 5:00

    Economy
    • Wind Turbine3Wind
    Order
    1. Bot LabEat Bot Lab
    Builders
    • Advanced Construction Bot1 T2 con bot for allies

    Some games also: converter (35%)

    By 5:00 in all: 4 mex · 15 wind · 1 converter · 1 energy storage · 3 con turret

    The example game in this phase · 11 steps
    1. Wind
    2. Converter
    3. Bot LabEat Bot Labreclaimed for its metal
    4. Wind ×2
    5. Advanced Construction BotT2 con botfor Geo
    6. Wind
    7. Advanced Metal ExtractorT2 mexdone 5:24 · typical 5:29
    8. Advanced Construction BotT2 con botfor Air
    9. Wind
    10. Advanced Metal ExtractorT2 mex
    11. Wind
  4. 4

    5:00 to 10:00

    Economy
    • Wind Turbine43Wind
    • Energy Converter6Converter
    Builders
    • Butler9 Butler
    • Advanced Construction Bot4 T2 con bot for allies
    • Advanced Construction Bot1 T2 con bot

    Some games also: con turret (43%) · Butler for allies (37%)

    By 10:00 in all: 4 mex · 58 wind · 8 converter · 1 energy storage · 3 con turret

    The example game in this phase · 236 steps
    1. Wind
    2. Advanced Metal ExtractorT2 mex ×2
    3. SharpshooterSniper botfor Ponddone 6:47
    4. Con turret
    5. ButlerButler ×6
    6. Wind ×7
    7. Advanced Construction BotT2 con botfor Geo sea
    8. Wind ×4
    9. Con turret
    10. Wind ×4
    11. ButlerButler
    12. Wind ×2
    13. ButlerButler
    14. Wind ×4
    15. ButlerButler
    16. Wind ×4
    17. Advanced Construction BotT2 con bot
    18. GunslingerGunslingerfor Geo seadone 8:50
    19. Wind ×2
    20. Converter
    21. Wind ×5
    22. Converter
    23. Wind ×4
    24. Converter
    25. Wind ×2
    26. Converter
    27. Wind ×3
    28. Advanced Construction BotT2 con botfor Beach sea
    29. Converter
    30. Wind
    31. Converter
    32. Wind ×2
    33. Converter
    34. Wind ×3
    35. Converter
    36. ButlerButlerfor Beach sea
    37. Wind
    38. Converter
    39. Wind ×2
    40. Converter
    41. Wind
    42. ButlerButlerfor Beach sea
    43. Converter
    44. Wind ×2
    45. Converter
    46. Wind
    47. ButlerButler
    48. Wind ×2
    49. Converter
    50. Wind
    51. Converter
    52. Wind ×2
    53. Con turret
    54. Wind
    55. Converter ×2
    56. Wind ×2
    57. ButlerButler
    58. Converter
    59. Wind ×2
    60. Converter
    61. ButlerButler
    62. Wind ×2
    63. Converter
    64. Wind
    65. Converter
    66. ButlerButler
    67. Wind ×4
    68. Converter
    69. Wind ×4
    70. Converter
    71. Wind ×4
    72. Advanced Construction BotT2 con botfor Pond
    73. Wind
    74. Converter
    75. Wind ×6
    76. Converter
    77. Wind
    78. ButlerButler
    79. Wind ×3
    80. ButlerButler
    81. Wind ×2
    82. Converter
    83. Wind
    84. UmbrellaAnti-nukedone 11:06
    85. Wind ×2
    86. TracerTracer
    87. Wind ×4
    88. Converter
    89. Wind ×3
    90. Converter
    91. Wind ×5
    92. Converter
    93. Con turret
    94. Wind ×4
    95. Converter
    96. Wind ×2
    97. Converter
    98. Wind ×3
    99. Converter
    100. Wind ×7
    101. Converter
    102. Wind
    103. PlatypusPlatypus
    104. Wind ×5
    105. Energy storage
    106. Converter
    107. PlatypusPlatypus
    108. Wind ×7
    109. Converter
    110. Wind ×3
    111. Energy storage
    112. Wind ×2
    113. Converter
    114. Wind
    115. PlatypusPlatypus
    116. Wind ×6
    117. Converter ×2
    118. Wind ×4
    119. Converter
    120. Wind ×2
    121. PlatypusPlatypus
    122. Wind ×4
    123. Converter
    124. Wind ×4
    125. PlatypusPlatypus
    126. Wind ×3
    127. Converter
    128. Wind ×3
    129. Converter
    130. Wind ×5
    131. PlatypusPlatypus
    132. Converter
    133. Wind ×7
    134. Converter
    135. Wind ×2
    136. Converter
    137. PlatypusPlatypus
    138. Wind ×6
    139. Converter
    140. Wind
    141. PlatypusPlatypus
    142. Wind ×8
    143. Converter
    144. PlatypusPlatypus
    145. Wind ×5
    146. GunslingerGunslingerfor Pond
    147. Converter
    148. Wind ×3
    149. Converter
    150. Wind ×5
    151. Converter
    152. Wind ×6
    153. Converter ×2
    154. Wind
    155. GunslingerGunslingerfor Pond
    156. Wind ×6
    157. Converter
    158. Wind ×8
    159. Converter
    160. Wind ×4
    161. PlatypusPlatypus
    162. Converter
    163. Wind ×2
    164. Converter
    165. Wind ×3
    166. PlatypusPlatypus
    167. Converter
    168. Wind ×3
    169. Converter
    170. Wind ×2
    171. Converter
    172. Energy storage
    173. PlatypusPlatypus
    174. Wind ×3
    175. Converter ×2
    176. Wind
    177. PlatypusPlatypus
    178. Wind ×2
    179. Converter
    180. Wind
    181. GunslingerGunslingerfor Pond
    182. Converter
    183. Wind ×4
    184. Converter
    185. Wind ×4
    186. Converter ×2
    187. Wind ×4
    188. Converter ×2
    189. Wind
    190. GunslingerGunslingerfor Pond
    191. Wind ×3
    192. Converter
    193. Wind ×2
    194. Converter
    195. Wind
    196. Converter
    197. Wind ×3
    198. Converter
    199. Wind ×2
    200. Converter
    201. Wind ×2
    202. Converter
    203. Wind
    204. PlatypusPlatypus
    205. Wind ×5
    206. Converter ×2
    207. Wind
    208. PlatypusPlatypus
    209. Wind ×3
    210. Converter
    211. Wind ×3
    212. Converter
    213. PlatypusPlatypus
    214. Wind ×2
    215. Converter ×2
    216. Wind ×2
    217. PlatypusPlatypus
    218. Wind ×2
    219. Converter
    220. Advanced solar
    221. Converter
    222. Wind ×2
    223. PlatypusPlatypus
    224. Wind ×3
    225. Converter
    226. Con turret
    227. Converter
    228. Wind ×2
    229. PlatypusPlatypus
    230. Wind
    231. Converter
    232. Wind ×2
    233. Con turret
    234. Converter
    235. Wind ×4
    236. Converter

Counts are medians over the build's games: half of them build more, half fewer. The example game is Godmother13's (39 OS, 13/10/2026); pick another.

Team trades

IN AT LEAST 30% OF ITS GAMES

You hand over

  • Construction Bot1 Con bot to Airfirst at 2:24 · in 84% of games
  • Advanced Construction Bot5 T2 con bot to Air or Geo sea or Pondfirst at 4:50 · in 99% of games
  • Butler2 Butler to Geo sea or Beach sea or Pondfirst at 9:07 · in 42% of games

You get

  • Hercules1 Light transport from Airfirst at 4:01 · in 86% of games

How it plays out

Typical game of this build, running totals by minute

Metal produced

020k40k
0:005:0010:0015:00

metal

Enemy metal destroyed

050100
0:005:0010:0015:00

metal

Own metal lost

050100150
0:005:0010:0015:00

metal

1868 games.

Show as table
ByMetal produced: This buildEnemy metal destroyed: This buildOwn metal lost: This build
1:0038300
2:0091500
3:00165100
4:00314300
5:00484800
6:00580000
7:00722700
8:00906100
9:001116900
10:001350200
11:001623900
12:001965200
13:002344100
14:0027357074
15:003153885130
WHAT THE NUMBERS SAY

Standard Tech play barely fights at all early, instead pouring metal into T2 infrastructure and constructors for the team.

  • + Metal produced hits 31679 by 15:00, by far the highest of any role here.
  • + T2 factory reached in 97% of games by 4:15, fastest and most reliable T2 timing.
  • − Enemy metal destroyed stays at 0 through 10:00, no early offense at all.
  • − Own metal lost also near 0, showing total avoidance of combat risk.
THE EXAMPLE YOU ARE READING

Godmother13

38.8 OS · 13/10/2026

Open source match ↗

1 received units
1935 metal received · 119025 energy received

Allied construction assistance is unknown. Timings are observations, not a promise of solo reproducibility.

Typical milestones

Bot Lab1:18Middle 50%: 1:13–1:32 · n=1868
Advanced Bot Lab4:16Middle 50%: 4:04–4:30 · n=1861
Advanced Metal Extractor5:29Middle 50%: 5:06–5:59 · n=1864

Played most by

Amrissa93games of this buildTheGeneraI66games of this buildAdeus57games of this buildEl_Turco56games of this buildKOT_43games of this build